[Event "Titled Tuesday Blitz October 25 Late 2022"]
[White "Tomiello, Lucas Costamilan"]
[Black "Stoyanov, Tsvetan"]
[WhiteFideId "22701940"]
[BlackFideId "2917173"]
[WhiteElo "2085"]
[BlackElo "2349"]
[Result "0-1"]
[Round "04"]
[TimeControl "180+1"]
[Date "2022.10.26"]
[WhiteClock "0:00:57"]
[BlackClock "0:01:20"]

1. e4 c5 2. Nf3 d6 3. d4 cxd4 4. Nxd4 Nf6 5. Nc3 a6 6. Be2 e5 7. Nb3 Be7 8. Be3 Be6 9. Nd5 Nbd7 10. Qd3 Bxd5 11. exd5 O-O 12. c4 a5 13. a4 Rc8 14. g4 e4 15. Qd4 Ne5 16. g5 Nfd7 17. h4 Rxc4 18. Qa7 Rb4 19. Nxa5 Rxb2 20. Nxb7 Qc7 21. Na5 Qc3+ 22. Kf1 Rxe2 23. Kxe2 Qd3+ 0-1


[Site "https://www.chess.com"]

[Event "Titled Tuesday Blitz October 25 Late 2022"]
[White "Toncheva, Nadya"]
[Black "Salimova, Nurgyul"]
[WhiteFideId "2924056"]
[BlackFideId "2915138"]
[WhiteElo "2101"]
[BlackElo "2315"]
[Result "0-1"]
[Round "04"]
[TimeControl "180+1"]
[Date "2022.10.26"]
[WhiteClock "0:00:02"]
[BlackClock "0:00:02"]

1. e4 e5 2. Nf3 Nc6 3. Bb5 a6 4. Ba4 g6 5. O-O Bg7 6. c3 d6 7. d4 Bd7 8. d5 Nce7 9. Bxd7+ Qxd7 10. c4 h6 11. Nc3 f5 12. exf5 gxf5 13. Qe2 Nf6 14. Nh4 Rg8 15. Kh1 Bh8 16. g3 h5 17. Bd2 Ng4 18. Rae1 O-O-O 19. b4 e4 20. f3 e3 21. fxg4 exd2 22. Qxd2 Rxg4 23. Qd3 Rf8 24. Ne2 Be5 25. Ng2 h4 26. gxh4 f4 27. Qf3 Rgg8 28. Rg1 Nf5 29. Nexf4 Kb8 30. Qd3 Ne7 31. Ne6 Rf6 32. Ne3 Rh8 33. Ng2 Rf7 34. Qe4 Nf5 35. Ne3 Rxh4 36. Qf3 Rxh2# 0-1


[Site "https://www.chess.com"]

[Event "Titled Tuesday Blitz October 25 Late 2022"]
[White "Topalov, Aleksandar"]
[Black "Petrovic, Aleksa"]
[WhiteFideId "925659"]
[BlackFideId "967629"]
[WhiteElo "2179"]
[BlackElo "2242"]
[Result "0-1"]
[Round "04"]
[TimeControl "180+1"]
[Date "2022.10.26"]
[WhiteClock "0:00:01"]
[BlackClock "0:00:40"]

1. b3 e5 2. Bb2 Nc6 3. c4 Nh6 4. Nf3 Bc5 5. e3 d6 6. a3 a5 7. d4 exd4 8. Nxd4 O-O 9. Be2 Ne5 10. O-O Qh4 11. Nf3 Nxf3+ 12. Bxf3 f5 13. g3 Qe7 14. Nc3 c6 15. Qd2 Be6 16. Rfd1 Nf7 17. Na4 Ne5 18. Bxe5 dxe5 19. Nxc5 Qxc5 20. Qd6 Qxd6 21. Rxd6 Kf7 22. c5 Rfd8 23. Rad1 Ke7 24. Rxd8 Rxd8 25. Rxd8 Kxd8 26. b4 e4 27. Bd1 Bc4 28. f4 Ke7 29. Kf2 Ke6 30. Ke1 Kd5 31. Kd2 axb4 32. axb4 Ke6 33. Kc3 Bd5 34. Kd4 Kf6 35. b5 g5 36. b6 g4 37. Be2 Be6 38. Bf1 h5 39. h3 h4 0-1


[Site "https://www.chess.com"]

[Event "Titled Tuesday Blitz October 25 Late 2022"]
[White "Vargas, Mauricio"]
[Black "Wiegmann, Sascha"]
[WhiteFideId "4404572"]
[BlackFideId "4682041"]
[WhiteElo "2025"]
[BlackElo "2289"]
[Result "0-1"]
[Round "04"]
[TimeControl "180+1"]
[Date "2022.10.26"]
[WhiteClock "0:00:35"]
[BlackClock "0:00:35"]

1. e4 c5 2. f4 Nc6 3. Nc3 e6 4. Nf3 d5 5. e5 Bd7 6. g4 h5 7. g5 g6 8. Bg2 Nge7 9. O-O Nf5 10. Ne2 d4 11. d3 Be7 12. Ng3 O-O 13. Ne4 b5 14. Nf6+ Bxf6 15. gxf6 Nb4 16. a3 Nd5 17. Qe1 Bc6 18. Nh4 Qd7 19. Nxf5 exf5 20. Qh4 Nc7 21. Qg5 Bxg2 22. Kxg2 Ne6 23. Qh6 Rfc8 24. Bd2 c4 25. Bb4 cxd3 26. cxd3 Rc2+ 27. Rf2 Qd5+ 28. Kg3 Rxf2 29. Kxf2 Rc8 30. Re1 Rc2+ 31. Re2 Rxe2+ 32. Kxe2 Qg2+ 33. Kd1 Qh1+ 34. Kc2 Qxh2+ 35. Kb3 Qxf4 36. Bf8 Qxh6 37. Bxh6 h4 38. Bd2 h3 39. Be1 h2 40. Kb4 h1=Q 41. Kxb5 Qd5+ 42. Ka6 Qxe5 43. Kxa7 Qxe1 44. b4 Qe2 45. a4 Qxd3 46. b5 Nc5 47. a5 Qxb5 48. a6 Qxa6+ 49. Kb8 Qb7# 0-1


[Site "https://www.chess.com"]

[Event "Titled Tuesday Blitz October 25 Late 2022"]
[White "Vlassov, Nikolai"]
[Black "Sanchez, Robert"]
[WhiteFideId "4103360"]
[BlackFideId "2034360"]
[WhiteElo "2324"]
[BlackElo "2394"]
[Result "0-1"]
[Round "04"]
[TimeControl "180+1"]
[Date "2022.10.26"]
[WhiteClock "0:01:08"]
[BlackClock "0:00:47"]

1. e4 c5 2. c3 e6 3. d4 d5 4. e5 Nc6 5. Nf3 Bd7 6. a3 f6 7. Bd3 Qc7 8. O-O O-O-O 9. Bf4 f5 10. b4 c4 11. Bc2 h6 12. h4 Be8 13. Ne1 Be7 14. g3 g5 15. hxg5 hxg5 16. Bc1 Bh5 17. Qd2 Nh6 18. Kg2 Rdg8 19. Rh1 Nf7 20. f3 Bg6 21. Rxh8 Rxh8 22. Qf2 Qd8 23. Ba4 Qg8 24. Bxc6 bxc6 25. Qg1 Qh7 26. Kf1 f4 27. g4 Bxb1 28. Ng2 Qd3+ 29. Kf2 Rh3 30. Ne1 Qh7 31. Bd2 Bd3 32. Ng2 Rxf3+ 33. Kxf3 Qe4+ 34. Kf2 Qe2# 0-1


[Site "https://www.chess.com"]

[Event "Titled Tuesday Blitz October 25 Late 2022"]
[White "Weisz, Bryan"]
[Black "Lindholt, Malik"]
[WhiteFideId "30934133"]
[BlackFideId "1404490"]
[WhiteElo "2260"]
[BlackElo "1980"]
[Result "0-1"]
[Round "04"]
[TimeControl "180+1"]
[Date "2022.10.26"]
[WhiteClock "0:00:09"]
[BlackClock "0:00:32"]

1. g4 d5 2. Bg2 c6 3. c4 dxc4 4. Qc2 Bxg4 5. Qxc4 Nf6 6. d4 Be6 7. Qb4 Qb6 8. Qa4 Bd5 9. f3 Na6 10. e4 Qb4+ 11. Qxb4 Nxb4 12. exd5 Nc2+ 13. Kd1 Nxa1 14. dxc6 bxc6 15. Ne2 Nd5 16. f4 e6 17. b3 Bb4 18. Bxd5 cxd5 19. Bb2 Rc8 20. Bxa1 O-O 21. Bc3 Bd6 22. Rf1 Rc6 23. Kd2 Rfc8 24. Kd3 f6 25. Nd2 Kf7 26. b4 h6 27. b5 R6c7 28. Nb3 g5 29. fxg5 hxg5 30. h3 Rh8 31. Rf3 Kg6 32. a4 Rch7 33. Ng1 Bh2 34. Ne2 Rxh3 35. Rxh3 Rxh3+ 36. Kd2 g4 37. a5 g3 38. a6 g2 39. b6 axb6 40. a7 Rh8 41. Nbc1 Ra8 42. Nd3 g1=Q 43. Nxg1 Bxg1 44. Nf4+ Kf5 45. Ne2 Bh2 46. Kd3 Rxa7 47. Bb4 e5 48. dxe5 fxe5 49. Bd2 Ra3+ 50. Kc2 Bf4 51. Bc1 Bxc1 52. Nxc1 e4 53. Kb2 Re3 54. Kc2 d4 55. Kd2 Rc3 56. Ne2 Rc4 57. Ng3+ Kf4 58. Ne2+ Ke5 59. Ng3 Ra4 60. Nf1 Ra2+ 61. Ke1 Ra1+ 62. Ke2 Rxf1 63. Kxf1 d3 64. Ke1 Kd4 65. Kd2 e3+ 66. Kc1 Kc3 67. Kb1 e2 68. Ka2 e1=Q 69. Ka3 Qb1 70. Ka4 Qb4# 0-1


[Site "https://www.chess.com"]

[Event "Titled Tuesday Blitz October 25 Late 2022"]
[White "Wieczorek, Zbigniew"]
[Black "Bayo Milagro, Alvaro"]
[WhiteFideId "1102001"]
[BlackFideId "22275240"]
[WhiteElo "2362"]
[BlackElo "2270"]
[Result "0-1"]
[Round "04"]
[TimeControl "180+1"]
[Date "2022.10.26"]
[WhiteClock "0:00:01"]
[BlackClock "0:00:20"]

1. Nf3 Nf6 2. c4 g6 3. Nc3 Bg7 4. e4 d6 5. d4 O-O 6. Be2 Bg4 7. Be3 Nfd7 8. Nd2 Bxe2 9. Qxe2 Nc6 10. Nf3 e5 11. Rd1 exd4 12. Nxd4 Re8 13. Nxc6 bxc6 14. Bd4 Bxd4 15. Rxd4 Rb8 16. O-O Qf6 17. Rfd1 Nc5 18. f3 Ne6 19. R4d2 Nf4 20. Qf1 Kg7 21. Kh1 h5 22. g3 Ne6 23. f4 h4 24. Kg2 hxg3 25. hxg3 Rh8 26. Qf3 Nc5 27. Qe3 Qe6 28. b3 Qh3+ 29. Kf3 Rbe8 30. Qd4+ f6 31. b4 Ne6 32. Qe3 g5 33. f5 g4+ 34. Kf2 Ng5 35. Ke2 Nf3 36. Kd3 Ne5+ 37. Kd4 Nf3+ 38. Kd3 Qxg3 39. Kc2 Rh2 40. Rxh2 Qxh2+ 41. Kb3 a5 42. b5 c5 43. Nd5 Nd4+ 44. Rxd4 cxd4 45. Qxd4 Qe5 46. Qg1 Qxe4 47. Nxc7 Qe3+ 48. Qxe3 Rxe3+ 49. Ka4 g3 50. b6 g2 51. b7 g1=Q 52. b8=Q Qd1+ 53. Kxa5 Ra3+ 54. Kb6 Qd4+ 55. Kb7 Qxc4 56. Ne6+ Kh7 57. Nf8+ Kh6 58. Qxd6 Qf7+ 59. Nd7 Rxa2 60. Kc7 Rc2+ 61. Kb6 Kg5 62. Nc5 Rb2+ 63. Kc6 Kxf5 64. Qd3+ Kg5 65. Qe3+ Kg6 66. Qg3+ Kh7 67. Qh3+ Kg7 68. Qg3+ Qg6 0-1


[Site "https://www.chess.com"]

[Event "Titled Tuesday Blitz October 25 Late 2022"]
[White "Winterberg, Lukas"]
[Black "Sabar, Ethmane Daouda"]
[WhiteFideId "24622702"]
[BlackFideId "19600097"]
[WhiteElo "2349"]
[BlackElo "1950"]
[Result "1-0"]
[Round "04"]
[TimeControl "180+1"]
[Date "2022.10.26"]
[WhiteClock "0:00:24"]
[BlackClock "0:00:01"]

1. d4 d5 2. Nc3 Nf6 3. Bf4 e6 4. Nb5 Na6 5. e3 Bd6 6. Nxd6+ cxd6 7. c3 O-O 8. Bd3 Ne4 9. f3 g5 10. Bg3 Nxg3 11. hxg3 Qf6 12. Bxh7+ Kg7 13. Bd3 Rh8 14. Rxh8 Kxh8 15. Qa4 Nc7 16. O-O-O Kg7 17. e4 Qe7 18. f4 Bd7 19. Qc2 dxe4 20. Bxe4 d5 21. Bd3 Rh8 22. Nf3 gxf4 23. gxf4 Qf6 24. Ne5 Qxf4+ 25. Kb1 Be8 26. Rf1 Qg3 27. a3 Rh2 28. Rf2 f6 29. Nf3 Rh1+ 30. Ka2 Bh5 31. c4 Bxf3 32. gxf3 Kf8 33. cxd5 exd5 34. Rg2 Qd6 35. Qa4 a6 36. Qb3 b5 37. Qc3 Rh4 38. Bf5 Rf4 39. Bc2 Ne6 40. Qc8+ 1-0


[Site "https://www.chess.com"]

[Event "Titled Tuesday Blitz October 25 Late 2022"]
[White "Xiong, Jeffery"]
[Black "Baglan, Esat"]
[WhiteFideId "2047640"]
[BlackFideId "6309216"]
[WhiteElo "2725"]
[BlackElo "2231"]
[Result "1-0"]
[Round "04"]
[TimeControl "180+1"]
[Date "2022.10.26"]
[WhiteClock "0:01:29"]
[BlackClock "0:00:22"]

1. e4 c5 2. Nf3 Nc6 3. Nc3 g6 4. d4 cxd4 5. Nxd4 Bg7 6. Be3 Nf6 7. Bc4 Qa5 8. O-O O-O 9. Bb3 d6 10. h3 Bd7 11. Re1 Qh5 12. Nd5 Qxd1 13. Raxd1 Nxd5 14. exd5 Nxd4 15. Bxd4 Bxd4 16. Rxd4 Rfe8 17. a4 Rac8 18. Re3 a5 19. Kf1 b5 20. c3 Rb8 21. Re2 Kf8 22. Ke1 Rec8 23. Rde4 bxa4 24. Bxa4 Bxa4 25. Rxa4 Rc5 26. c4 Rb3 27. Kd1 Rb4 28. Rxb4 axb4 29. Re4 f5 30. Rh4 h5 31. Kc2 e5 32. dxe6 d5 33. Kb3 dxc4+ 34. Rxc4 Re5 35. Rc2 Re4 36. f3 Rxe6 37. Kxb4 Kf7 38. Ka5 Re1 39. b4 Rb1 40. b5 Kf6 41. b6 Kg5 42. Rc4 1-0


[Site "https://www.chess.com"]

[Event "Titled Tuesday Blitz October 25 Late 2022"]
[White "Yanayt, Eugene"]
[Black "Castellanos Gomez, Alejandro"]
[WhiteFideId "2020165"]
[BlackFideId "22284141"]
[WhiteElo "2046"]
[BlackElo "2168"]
[Result "0-1"]
[Round "04"]
[TimeControl "180+1"]
[Date "2022.10.26"]
[WhiteClock "0:00:13"]
[BlackClock "0:00:20"]

1. c4 e6 2. g3 d5 3. Bg2 Nf6 4. Nf3 Be7 5. O-O O-O 6. d4 dxc4 7. Na3 Bxa3 8. bxa3 b5 9. Ne5 Nd5 10. a4 a6 11. Ba3 Re8 12. e4 Nc3 13. Qh5 Qf6 14. Nxc4 Qxd4 15. Ne3 Bb7 16. Bc5 Qd8 17. axb5 axb5 18. f3 Nd7 19. Ng4 g6 20. Nh6+ Kg7 21. Qh3 Nxc5 22. Rae1 Qd2 23. Ng4 h5 24. Ne3 Ne2+ 25. Kf2 Nd3# 0-1


[Site "https://www.chess.com"]

[Event "Titled Tuesday Blitz October 25 Late 2022"]
[White "Yano, William Jorge Froes"]
[Black "Karas, Marek"]
[WhiteFideId "2112949"]
[BlackFideId "14928558"]
[WhiteElo "2122"]
[BlackElo "2220"]
[Result "0-1"]
[Round "04"]
[TimeControl "180+1"]
[Date "2022.10.26"]
[WhiteClock "0:00:24"]
[BlackClock "0:00:07"]

1. e4 g6 2. Nc3 Bg7 3. Be2 d6 4. d4 a6 5. Be3 b5 6. Bf3 Bb7 7. Nh3 Nd7 8. O-O e6 9. Qd2 h6 10. Rad1 Ne7 11. Rfe1 g5 12. Bh5 Nf6 13. Qe2 Nxe4 14. Nxe4 Bxe4 15. f4 gxf4 16. Bxf4 Bg6 17. Bf3 Rb8 18. Nf2 O-O 19. Qd2 Kh7 20. Ng4 Ng8 21. a3 h5 22. Nf2 Bh6 23. Nh3 Bxf4 24. Nxf4 Qh4 25. g3 Qg5 26. Nxg6 Qxg6 27. Be4 f5 28. Bg2 Rfe8 29. Re2 Re7 30. Rde1 Rbe8 31. Qa5 e5 32. Qxa6 exd4 33. Rxe7+ Rxe7 34. Rxe7+ Nxe7 35. Qxb5 Qe6 36. h3 Qe1+ 37. Kh2 Qe5 38. Qe8 Ng6 39. Qd8 h4 40. Qxc7+ Kh6 41. Qa5 Qxg3+ 42. Kg1 Qe3+ 43. Kh1 Qc1+ 44. Kh2 Qf4+ 45. Kg1 Qe3+ 46. Kf1 Kg5 47. Qe1 Qf4+ 48. Qf2 Qc1+ 49. Qe1 Qxc2 50. a4 Nf4 51. Bf3 Qh2 52. Qf2 Qxh3+ 53. Ke1 Nd3+ 54. Ke2 Nxf2 55. Kxf2 Qh2+ 56. Bg2 Qe5 57. Bf3 Qe3+ 58. Kg2 Qb3 59. a5 Qxb2+ 60. Kh3 Qa3 61. Kh2 Qxf3 62. a6 Qe2+ 63. Kh3 Qxa6 64. Kg2 Qe2+ 65. Kg1 d3 66. Kh1 d2 67. Kg1 d1=Q# 0-1


[Site "https://www.chess.com"]

[Event "Titled Tuesday Blitz October 25 Late 2022"]
[White "Yoo, Christopher Woojin"]
[Black "Iliaguev, Nisim"]
[WhiteFideId "30909694"]
[BlackFideId "2817276"]
[WhiteElo "2463"]
[BlackElo "2264"]
[Result "1-0"]
[Round "04"]
[TimeControl "180+1"]
[Date "2022.10.26"]
[WhiteClock "0:00:12"]
[BlackClock "0:00:24"]

1. e4 c6 2. d4 d5 3. Nc3 dxe4 4. Nxe4 Nf6 5. Nxf6+ exf6 6. c3 Bd6 7. Bd3 O-O 8. Qc2 Re8+ 9. Ne2 h6 10. Be3 Be6 11. O-O-O Nd7 12. c4 Nf8 13. Kb1 a5 14. a3 Rb8 15. Nc3 Qc7 16. c5 Bf4 17. Ne4 Bxe3 18. fxe3 Bd5 19. Rde1 Bxe4 20. Bxe4 b6 21. Bf3 bxc5 22. Qxc5 Rb6 23. Ka1 Reb8 24. Re2 Ne6 25. Qxa5 c5 26. Rc1 Qxh2 27. d5 Ng5 28. Rec2 Rb3 29. Qxc5 Qe5 30. Qd4 Qd6 31. Rc8+ Rxc8 32. Rxc8+ Kh7 33. Be4+ g6 34. Bc2 Rb7 35. Rc6 Qg3 36. Qxf6 Qxg2 37. Rc8 Qf1+ 38. Qxf1 1-0


[Site "https://www.chess.com"]

[Event "Titled Tuesday Blitz October 25 Late 2022"]
[White "Yurtseven, Melih"]
[Black "Sala, Giulia"]
[WhiteFideId "6312160"]
[BlackFideId "2840451"]
[WhiteElo "2218"]
[BlackElo "1769"]
[Result "1-0"]
[Round "04"]
[TimeControl "180+1"]
[Date "2022.10.26"]
[WhiteClock "0:00:19"]
[BlackClock "0:00:58"]

1. Nf3 Nf6 2. c4 c5 3. Nc3 Nc6 4. g3 g6 5. Bg2 Bg7 6. d4 cxd4 7. Nxd4 Nxd4 8. Qxd4 O-O 9. O-O d6 10. Qd3 Rb8 11. b3 Bd7 12. Bb2 a6 13. a4 Qb6 14. Qc2 Rfc8 15. a5 Qc5 16. Qd2 b5 17. axb6 Rxb6 18. Ra3 Rcb8 19. Qc2 Rb4 20. Rb1 a5 21. e3 Bf5 22. e4 Be6 23. Bc1 Nd7 24. Be3 Qc7 25. Nd5 Bxd5 26. exd5 Nc5 27. Bd2 R4b7 28. Bxa5 Qd7 29. b4 Na6 30. c5 Nxb4 31. Bxb4 Rxb4 32. Rxb4 Rxb4 33. c6 Qc7 34. h4 Qb6 35. Ra8+ Bf8 36. c7 Rb2 37. Rxf8+ Kxf8 38. c8=Q+ Kg7 39. Q2c3+ f6 40. Qf3 Rb3 41. Qe4 Rb1+ 42. Kh2 Qxf2 43. Qxe7+ Kh6 44. Qcf8+ Kh5 45. Qxh7+ Kg4 46. Qxg6# 1-0


[Site "https://www.chess.com"]

[Event "Titled Tuesday Blitz October 25 Late 2022"]
[White "Zhigalko, Sergei"]
[Black "Ozsakallioglu, Okan"]
[WhiteFideId "13502956"]
[BlackFideId "6367011"]
[WhiteElo "2662"]
[BlackElo "2078"]
[Result "1-0"]
[Round "04"]
[TimeControl "180+1"]
[Date "2022.10.26"]
[WhiteClock "0:01:08"]
[BlackClock "0:00:43"]

1. e4 c5 2. Nf3 e6 3. c3 Nf6 4. e5 Nd5 5. Bc4 Nb6 6. Bb3 Nc6 7. d4 cxd4 8. cxd4 d6 9. exd6 Bxd6 10. Nc3 O-O 11. O-O Nb4 12. Re1 Be7 13. Ne5 Bf6 14. Bf4 N4d5 15. Bg3 a5 16. Ne4 a4 17. Bc2 g6 18. Nxf6+ Qxf6 19. Qd2 Qg7 20. Rac1 f6 21. Nd3 Nc4 22. Qe2 b5 23. b3 axb3 24. Bxb3 Ncb6 25. Nc5 Re8 26. Qxb5 Bd7 27. Nxd7 Qxd7 28. Qxd7 Nxd7 29. Rc6 Kf7 30. Rexe6 Rxe6 31. Bxd5 Re8 32. Kf1 f5 33. Be5 Re7 34. a4 Nf8 35. a5 Ke8 36. Rc8+ 1-0


[Site "https://www.chess.com"]

[Event "Titled Tuesday Blitz October 25 Late 2022"]
[White "Zochowski, Kacper"]
[Black "Gonzalez, Francisco Silva"]
[WhiteFideId "1125494"]
[BlackFideId "1512285"]
[WhiteElo "2292"]
[BlackElo "2159"]
[Result "1/2-1/2"]
[Round "04"]
[TimeControl "180+1"]
[Date "2022.10.26"]
[WhiteClock "0:00:17"]
[BlackClock "0:00:18"]

1. Nf3 d5 2. c4 e6 3. g3 a6 4. Bg2 dxc4 5. a4 Nc6 6. O-O e5 7. Qc2 Be6 8. Na3 Bxa3 9. bxa3 f6 10. Rb1 Ra7 11. Rd1 Nge7 12. d3 cxd3 13. Rxd3 Qc8 14. Rc3 O-O 15. Be3 Ra8 16. Bc5 Rf7 17. Nd2 Nd5 18. Rcb3 Na5 19. R3b2 Qd7 20. Bb4 Nc6 21. Ne4 Ndxb4 22. axb4 Nd4 23. Qd1 Rd8 24. Nc5 Nf3+ 25. Bxf3 Qxd1+ 26. Rxd1 Rxd1+ 27. Kg2 Bd5 28. e4 Bxe4 29. Nxe4 Rd4 30. Nc5 b6 31. Nxa6 g6 32. Nb8 e4 33. Be2 Kg7 34. Nc6 Rd6 35. Bb5 f5 36. a5 bxa5 37. bxa5 Rf8 38. a6 Ra8 39. a7 Kf6 40. Ba4 Rxc6 41. Bxc6 Rxa7 42. Rb7 Rxb7 43. Bxb7 c5 44. Bd5 Ke5 45. Bg8 h6 46. Kf1 g5 47. Ke2 f4 48. g4 Kd4 49. Kd2 c4 50. Bh7 f3 51. Bf5 c3+ 52. Kd1 e3 53. fxe3+ Kxe3 54. Ke1 Kf4 55. Kf2 h5 56. h3 hxg4 57. hxg4 c2 58. Bxc2 Kxg4 59. Bd1 Kf4 60. Bxf3 Kf5 61. Kg3 Ke5 62. Bg4 Kf6 63. Bf3 Kf5 64. Bg4+ Ke4 65. Bf3+ Kf5 66. Bg4+ Ke5 67. Bf3 Kf5 1/2-1/2


[Site "https://www.chess.com"]

[Event "Titled Tuesday Blitz October 25 Late 2022"]
[White "chess50years"]
[Black "Roberts, Paul"]
[BlackFideId "2400600"]
[WhiteElo "1198"]
[BlackElo "2112"]
[Result "1/2-1/2"]
[Round "04"]
[TimeControl "180+1"]
[Date "2022.10.26"]
[WhiteClock "0:00:29"]
[BlackClock "0:01:20"]

1. g3 d5 2. Bg2 Nf6 3. d3 Bf5 4. Nf3 e6 5. Nbd2 h6 6. O-O Be7 7. a3 c6 8. b3 Nbd7 9. Bb2 O-O 10. Re1 Re8 11. e4 Bg6 12. e5 Nh7 13. h4 Nhf8 14. Nf1 Bh5 15. N1h2 Qc7 16. g4 Bg6 17. h5 Bh7 18. Qd2 a5 19. g5 hxg5 20. Nxg5 Bf5 21. f4 Nh7 22. Nxh7 Kxh7 23. Kh1 Rh8 24. Rg1 g6 25. Bf3 Rag8 26. hxg6+ fxg6 27. Rg2 Kg7 28. Rag1 Kf7 29. Bg4 Qd8 30. Bxf5 gxf5 31. a4 Rxg2 32. Qxg2 Qg8 33. Qxg8+ Rxg8 34. Rxg8 Kxg8 35. Nf3 Kf7 36. Kg2 Bc5 37. Bc3 b6 38. Ng5+ Ke7 39. d4 Ba3 40. Kf3 c5 41. Ke3 cxd4+ 42. Bxd4 Bc5 43. c3 Bxd4+ 44. cxd4 Nb8 45. Nf3 Nc6 46. Kd3 Nb4+ 47. Kc3 Na2+ 48. Kb2 Nb4 49. Kc3 Na2+ 50. Kb2 Nb4 51. Kc3 1/2-1/2


[Site "https://www.chess.com"]

[Event "Titled Tuesday Blitz October 25 Late 2022"]
[White "Adla, Diego"]
[Black "Karacsonyi, Gellert"]
[WhiteFideId "100072"]
[BlackFideId "764620"]
[WhiteElo "2377"]
[BlackElo "2308"]
[Result "1/2-1/2"]
[Round "05"]
[TimeControl "180+1"]
[Date "2022.10.26"]
[WhiteClock "0:00:50"]
[BlackClock "0:00:24"]

1. c4 c5 2. Nf3 Nc6 3. d4 cxd4 4. Nxd4 g6 5. e4 Nf6 6. Nc3 d6 7. Be2 Nxd4 8. Qxd4 Bg7 9. Be3 O-O 10. Qd2 a5 11. O-O a4 12. Bd4 Qa5 13. Rfd1 Bd7 14. Rab1 Bc6 15. f3 Nd7 16. Bxg7 Kxg7 17. Qd4+ Kg8 18. Bf1 Qc5 19. Nd5 Bxd5 20. cxd5 Rfc8 21. Qxc5 Rxc5 22. Rd2 Rac8 23. Kf2 g5 24. g3 Nf6 25. Ke3 Kg7 26. a3 h6 27. Be2 Nd7 28. Rd4 b5 29. Rb4 Rb8 30. Kd2 f5 31. Rc1 fxe4 32. fxe4 Kf6 33. Rxc5 Nxc5 34. Rxb5 Nxe4+ 35. Ke3 Rxb5 36. Bxb5 Nc5 37. Kd4 e5+ 38. dxe6 Kxe6 39. Kc4 Ke5 40. Kb4 Ke4 41. Bxa4 Nxa4 42. Kxa4 d5 43. Kb3 Ke3 44. Kc2 Ke2 45. Kc3 Ke3 46. Kc2 Ke2 47. Kc3 Ke3 48. Kc2 1/2-1/2


[Site "https://www.chess.com"]

[Event "Titled Tuesday Blitz October 25 Late 2022"]
[White "Aguilar, Juan"]
[Black "Schuster, Karsten"]
[WhiteFideId "3800091"]
[BlackFideId "4611071"]
[WhiteElo "2426"]
[BlackElo "2294"]
[Result "1-0"]
[Round "05"]
[TimeControl "180+1"]
[Date "2022.10.26"]
[WhiteClock "0:00:05"]
[BlackClock "0:00:11"]

1. d4 d5 2. c4 c6 3. Nf3 Nf6 4. Qc2 dxc4 5. e4 b5 6. b3 cxb3 7. axb3 Bb7 8. e5 Nd5 9. e6 fxe6 10. Bd2 Nd7 11. Bd3 Qc7 12. Bxh7 Kd8 13. Bd3 Nf4 14. Bf1 a5 15. Nc3 g6 16. Ne4 Bg7 17. Neg5 Kc8 18. g3 c5 19. Bxf4 Qb6 20. Rc1 c4 21. bxc4 b4 22. c5 Qc6 23. Bg2 a4 24. Nh4 b3 25. Qc3 Qxg2 26. Nxg2 Bxg2 27. c6 Nb6 28. Rg1 Bd5 29. Qb4 b2 30. Rb1 Ra6 31. Qxe7 Bxc6 32. Qc7# 1-0


[Site "https://www.chess.com"]

[Event "Titled Tuesday Blitz October 25 Late 2022"]
[White "Aldokhin, Ivan"]
[Black "Baches Garcia, Guillermo"]
[WhiteFideId "24115720"]
[BlackFideId "2209764"]
[WhiteElo "2313"]
[BlackElo "2439"]
[Result "1/2-1/2"]
[Round "05"]
[TimeControl "180+1"]
[Date "2022.10.26"]
[WhiteClock "0:00:04"]
[BlackClock "0:00:07"]

1. e4 c5 2. Nf3 d6 3. d4 cxd4 4. Nxd4 Nf6 5. Nc3 Nc6 6. Bc4 Bd7 7. Bb3 g6 8. Be3 Ng4 9. Nxc6 bxc6 10. Bg5 Bg7 11. h3 Nf6 12. O-O O-O 13. f4 Qc7 14. Qe1 Be6 15. Bxe6 fxe6 16. e5 dxe5 17. Qh4 Qb6+ 18. Kh1 Qxb2 19. Ne2 Qxc2 20. Ng3 e4 21. Rac1 Qxa2 22. Rce1 Qd5 23. Bxf6 exf6 24. Nxe4 a5 25. Nc3 Qc4 26. Ne4 a4 27. f5 Qd5 28. fxg6 hxg6 29. Nxf6+ Bxf6 30. Rxf6 Rxf6 31. Qxf6 Qf5 32. Qa1 a3 33. Rf1 Qe4 34. Re1 Qf5 35. Re2 a2 36. Rxa2 Rxa2 37. Qxa2 Qd5 38. Qa3 Kg7 39. Qc3+ Kg8 40. Qe1 Kg7 41. Qg3 c5 42. Qc7+ Kf6 43. Qh7 c4 44. Qh8+ Kf7 45. Qh7+ Kf6 46. Qh8+ Kf5 47. Qc8 Ke4 48. Qg8 Kd3 49. Qxg6+ Kd2 50. Qh6+ Kd3 51. Qc1 c3 52. Qd1+ Kc4 53. Qa4+ Kd3 54. Qd1+ Kc4 55. Qa4+ Kc5 56. Qa5+ Kd4 57. Qb4+ Kd3 58. Qa3 Kd2 59. Qb4 Kd3 60. Qa3 e5 61. h4 Qd4 62. h5 Qh4+ 63. Kg1 Qe1+ 64. Kh2 Qh4+ 65. Kg1 Qxh5 66. Qd6+ Ke4 67. Qc6+ Kd4 68. Qd6+ Kc4 69. Qc6+ Kb3 70. Qb5+ Kc2 71. Qa4+ Kd2 72. Qd7+ Ke3 73. Qc7 Qd1+ 74. Kh2 Qd4 75. Kh1 Kd2 76. Qa5 Kd1 77. Qa1+ Ke2 78. Qa5 c2 79. Qb5+ Kd1 80. Qb3 Kd2 81. Qa2 Qh4+ 82. Kg1 Qe1+ 83. Kh2 Qe4 84. Kg1 Kd1 85. Qb3 Qd4+ 86. Kh2 Kd2 87. Qa2 Kd1 88. Qb3 Kd2 89. Qa2 Qh4+ 90. Kg1 Qf4 91. Qb2 Kd3 92. Qb3+ Kd2 93. Qb2 Kd1 94. Qb3 Qd4+ 95. Kh2 1/2-1/2


[Site "https://www.chess.com"]

[Event "Titled Tuesday Blitz October 25 Late 2022"]
[White "Ali Abdullahi, Farah"]
[Black "Arbunic Castro, Giovanna"]
[WhiteFideId "16100212"]
[BlackFideId "3400549"]
[WhiteElo "2214"]
[BlackElo "1855"]
[Result "1-0"]
[Round "05"]
[TimeControl "180+1"]
[Date "2022.10.26"]
[WhiteClock "0:00:30"]
[BlackClock "0:00:01"]

1. d4 Nf6 2. Nf3 g6 3. c4 Bg7 4. Nc3 O-O 5. Bg5 d6 6. Bxf6 Bxf6 7. e3 c5 8. d5 Qa5 9. Qb3 Na6 10. Bd3 Nb4 11. Bb1 e6 12. O-O exd5 13. cxd5 Bg4 14. Nd2 b5 15. h3 c4 16. Nxc4 bxc4 17. Qxc4 Bd7 18. a3 Rfc8 19. Qxb4 Qxb4 20. axb4 Bxc3 21. bxc3 Rxc3 22. Be4 Rc4 23. Bf3 Rxb4 24. Rfc1 a5 25. Rc7 Bf5 26. Rc6 a4 27. Rxd6 a3 28. e4 a2 29. Rxa2 Rb1+ 30. Kh2 Rxa2 31. exf5 gxf5 32. Rf6 Rxf2 33. Rxf5 Rd1 34. Kg3 Rff1 35. Re5 Rd4 36. Re8+ Kg7 37. Rd8 Kf6 38. d6 Ke6 39. d7 Rxd7 40. Rh8 f5 41. Re8+ Kf6 42. Rf8+ Rf7 43. Rb8 Rg7+ 44. Kh2 Ra1 45. Rb6+ Kg5 46. Rb5 Ra2 47. Be4 Rf7 48. Bd5 Rf6 49. Bxa2 Rd6 50. Bb1 Rf6 51. g4 Kf4 52. Rxf5+ Rxf5 53. Bxf5 Kg5 54. Kg3 h5 55. h4+ 1-0


[Site "https://www.chess.com"]

[Event "Titled Tuesday Blitz October 25 Late 2022"]
[White "Andreikin, Dmitry"]
[Black "Howell, David W L"]
[WhiteFideId "4158814"]
[BlackFideId "410608"]
[WhiteElo "2736"]
[BlackElo "2567"]
[Result "1/2-1/2"]
[Round "05"]
[TimeControl "180+1"]
[Date "2022.10.26"]
[WhiteClock "0:01:41"]
[BlackClock "0:00:47"]

1. c4 Nf6 2. Nc3 c5 3. Nf3 Nc6 4. g3 d5 5. cxd5 Nxd5 6. Bg2 g6 7. O-O Bg7 8. Nxd5 Qxd5 9. d3 O-O 10. Be3 Bd7 11. Nd4 Qd6 12. Nxc6 Bxc6 13. Bxc6 Qxc6 14. Rc1 Qe6 15. Rxc5 Qxa2 16. Rb5 b6 17. Qa1 Qxa1 18. Rxa1 Rfc8 19. Kg2 Kf8 20. Kf3 Ke8 21. Ra4 Kd7 22. Rb3 Kc6 23. h4 Kb7 24. h5 Rc2 25. Bd4 Bxd4 26. Rxd4 Rac8 27. h6 Rc1 28. g4 f6 29. Kg2 R1c2 30. Kf3 Rc1 31. Kg2 R1c2 32. Kf3 Rc1 1/2-1/2


[Site "https://www.chess.com"]

[Event "Titled Tuesday Blitz October 25 Late 2022"]
[White "Andrejic, Vladica"]
[Black "Nouri, Alekhine"]
[WhiteFideId "928178"]
[BlackFideId "5216184"]
[WhiteElo "2116"]
[BlackElo "2151"]
[Result "0-1"]
[Round "05"]
[TimeControl "180+1"]
[Date "2022.10.26"]
[WhiteClock "0:01:34"]
[BlackClock "0:02:24"]

1. d4 Nf6 2. c4 c5 3. d5 b5 4. cxb5 a6 5. bxa6 Bxa6 6. Nc3 d6 7. e4 Bxf1 8. Kxf1 g6 9. Nf3 Bg7 10. g3 O-O 11. Kg2 Qb6 12. Qe2 Na6 13. a4 Nd7 14. Nb5 Nc7 15. Nxc7 Qxc7 16. Bg5 h6 17. Bf4 Rfb8 18. Rhb1 Rb4 19. Qc2 Qb7 20. Ra2 Nf6 21. Nd2 g5 22. Be3 Ng4 23. Nc4 Qa6 24. b3 Ne5 25. Nxe5 Bxe5 26. Bd2 Rb7 27. Bc3 Bxc3 28. Qxc3 Rab8 29. Rc2 Rb4 30. f3 Rxa4 31. bxa4 Rxb1 32. Ra2 Qf1# 0-1


[Site "https://www.chess.com"]